 Dungeon Crawl Stone Soup version 0.19.1 (webtiles) character file.

129 hal2100 the Magician (level 4, -2/30 HPs)
             Began as a Demonspawn Fire Elementalist on Dec 12, 2016.
             Slain by a gnoll
             ... wielding a +0 whip of electrocution
              (19 damage)
             ... on level 3 of the Dungeon.
             The game lasted 00:16:07 (1623 turns).

hal2100 the Magician (Demonspawn Fire Elementalist) Turns: 1623, Time: 00:16:08

Health: -2/30      AC:  2    Str:  9    XL:     4   Next: 88%
Magic:  9/9        EV: 14    Int: 17    God:
Gold:   114        SH:  0    Dex: 13    Spells: 3 memorised, 2 levels left

rFire  . . .     SeeInvis .     C - +1 whip (elec)
rCold  . . .     Gourm    .     a - +0 robe
rNeg   . . .     Faith    .     (no shield)
rPois  .         Spirit   .     (no helmet)
rElec  .         Reflect  .     (no cloak)
rCorr  .         Harm     .     (no gloves)
MR     .....                    (no boots)
Stlth  ++........               (no amulet)
                                (no ring)
                                t - +2 ring of evasion

@: very slightly contaminated
A: demonic guardian 1, powered by pain 1
a: no special abilities


You were on level 3 of the Dungeon.
You were not hungry.

You visited 1 branch of the dungeon, and saw 3 of its levels.

You collected 114 gold pieces.

Inventory:

Hand Weapons
 l - a +0 short sword
 s - a +0 whip
 C - a +1 whip of electrocution (weapon)
Armour
 a - a +0 robe (worn)
 r - a +0 buckler
 x - a +0 shield
Jewellery
 t - a +2 ring of evasion (left hand)
Scrolls
 d - 4 scrolls of identify {unknown}
 j - 2 scrolls of teleportation {unknown}
 k - a scroll of immolation {unknown}
 o - a scroll of recharging {unknown}
 p - a scroll of noise {unknown}
 q - a scroll of random uselessness {unknown}
 u - a scroll of enchant armour {unknown}
 w - a scroll of blinking {unknown}
 y - a scroll of remove curse {unknown}
Potions
 e - a potion of cure mutation {unknown}
 g - a potion of cancellation {unknown}
 h - a potion of invisibility {unknown}
 i - 3 potions of heal wounds
 v - 3 potions of lignification {unknown}
 z - a potion of curing {unknown}
 A - 2 potions of degeneration {unknown}
 B - a potion of might {unknown}
Books
 b - a book of Flames

   Spells                             Type                      Level
   a - Flame Tongue                   Conjuration/Fire             1
   b - Throw Flame                    Conjuration/Fire             2
   c - Conjure Flame                  Conjuration/Fire             3
   d - Inner Flame                    Hexes/Fire                   3
   e - Sticky Flame                   Conjuration/Fire             4
   f - Fireball                       Conjuration/Fire             5
Comestibles
 c - 2 bread rations
 f - 7 chunks of flesh
 m - 2 fruits
 n - 2 meat rations


   Skills:
 + Level 0.2 Fighting
 + Level 0.6 Maces & Flails
 - Level 1.7 Dodging
 - Level 1.7 Stealth
 * Level 3.4 Spellcasting
 + Level 2.3 Conjurations
 + Level 3.4 Fire Magic


You had 2 spell levels left.
You knew the following spells:

 Your Spells              Type           Power        Failure   Level  Hunger
a - Flame Tongue          Conj/Fire      ##...        6%          1    None
b - Conjure Flame         Conj/Fire      ##......     17%         3    ###....
c - Inner Flame           Hex/Fire       #.......     24%         3    ###....


Dungeon Overview and Level Annotations

Branches:
Dungeon (3/15)

Altars:
Ashenzari
Dithmenos


Innate Abilities, Weirdness & Mutations

A weak demonic guardian rushes to your aid.
You sometimes gain a little power by taking damage.


Message History

Confirm with . or Enter, or press ? or * to list all spells.
Aiming: Flame Tongue
Press: ? - help, Shift-Dir - straight line, f/p - gnoll
Aim: a gnoll, wielding a whip of electrocution (heavily wounded)
The flame tongue hits the gnoll.
The gnoll is severely wounded.
Casting: Flame Tongue
Confirm with . or Enter, or press ? or * to list all spells.
Aiming: Flame Tongue
Press: ? - help, Shift-Dir - straight line, f/p - gnoll
Aim: a gnoll, wielding a whip of electrocution (heavily wounded)
You miscast Flame Tongue.
You are very lightly contaminated with residual magic.
Nothing appears to happen.
You hit the gnoll but do no damage.
The gnoll is heavily wounded.
The gnoll hits you with a whip of electrocution!
You focus on the pain.
You feel your power returning.
You are electrocuted!
Ouch! That really hurt!
You die...

#.##.....(...................
#g##..#.##.#######.........#
#g##..#.##.#........#.####.#
#.##..#.##.#.######.#.# #.#
#.##..#.##.#.....<#.#.# #.#
#..g..#.##.####...#.#.####.##
####..#.##..........#.##[....
#..#.#######...###.##.....
#>...g..g@................
##.#########...#######....
#.# #...# #....
###'#########...# #....
#...............# #....
#...............# #....
#...............# #....
#............#### #....
#######............# #####


You could see 2 gnolls.

Vanquished Creatures
  An orc wizard (D:3)
  A worker ant (D:3)
  2 adders (D:2)
  2 oozes
  A dart slug (D:1)
  3 leopard geckos
  5 orcs (D:3)
  A giant cockroach (D:2)
  6 goblins
  3 hobgoblins
  2 jackals (D:1)
  A ball python (D:1)
  4 bats
  2 frilled lizards
  3 kobolds
  5 rats
42 creatures vanquished.

Vanquished Creatures (collateral kills)
  A gnoll (D:3)
1 creature vanquished.

Grand Total: 43 creatures vanquished

Notes
Turn   | Place    | Note
-------+----------+-------------------------------------------
     0 | D:1      | hal2100 the Demonspawn Fire Elementalist began the quest for the Orb.
     0 | D:1      | Reached XP level 1. HP: 13/13 MP: 3/3
   300 | D:1      | Gained mutation: You sometimes gain a little power by taking damage. [demonic ancestry]
   300 | D:1      | Reached XP level 2. HP: 19/19 MP: 0/5
   569 | D:2      | Found a shadowy altar of Dithmenos.
   569 | D:2      | Found a shattered altar of Ashenzari.
   772 | D:2      | Reached XP level 3. HP: 24/24 MP: 4/7
   840 | D:2      | Learned a level 3 spell: Conjure Flame
   844 | D:2      | Learned a level 3 spell: Inner Flame
  1132 | D:3      | Gained mutation: A weak demonic guardian rushes to your aid. [demonic ancestry]
  1132 | D:3      | Reached XP level 4. HP: 17/30 MP: 1/8
  1623 | D:3      | Slain by a gnoll

Skill      XL: |  1  2  3 |
---------------+----------+-----
Fire Magic     | 3 |  3.4
Spellcasting   | 3 |  3.4
Conjurations   | 2 |  2.3
Fighting       | |  0.2
Maces & Flails | |  0.6
Dodging        | |  1.7
Stealth        | |  1.7

Action                   |  1- 3 |  4- 6 || total
-------------------------+-------+-------++-------
Melee: Unarmed           |     2 |       ||     2
       Short sword       |     4 |       ||     4
       Whip              |       |    13 ||    13
 Cast: Flame Tongue      |    48 |    22 ||    70
       Conjure Flame     |       |     4 ||     4
  Use: Potion            |       |     1 ||     1
  Eat: Chunk             |     1 |     2 ||     3
Armor: Robe              |     7 |     6 ||    13
Dodge: Dodged            |    16 |    17 ||    33
